 Dungeon Crawl Stone Soup version 0.28-a0-730-g892d06dc2c (webtiles) character file.

Game seed: 5590622178875594787

722 KoroneIsBestGirl the Chiller (level 7, -2/41 HPs)
             Began as an Octopode Ice Elementalist on Oct 28, 2021.
             Slain by a water moccasin (4 damage)
             ... on level 4 of the Dungeon on Oct 29, 2021.
             The game lasted 00:08:27 (6569 turns).

KoroneIsBestGirl the Chiller (OpIE)                 Turns: 6569, Time: 00:08:28

Health: -2/41      AC:  1    Str:  7    XL:     7   Next: 71%
Magic:  11/14      EV: 15    Int: 19    God:
Gold:   149        SH:  0    Dex: 13    Spells: 11/15 levels left

rFire   . . .      SeeInvis .   j - +4 quarterstaff (chaos)
rCold   . . .      Faith    .   (shield currently unavailable)
rNeg    . . .      Spirit   .   (helmet restricted)
rPois   .          Reflect  .   (no amulet)
rElec   .          Harm     .   (no ring)
rCorr   .          Rampage  .   (no ring)
Will    .....                   (no ring)
Stlth   +++.......              (no ring)
HPRegen 0.13/turn               (no ring)
MPRegen 0.14/turn               (no ring)
                                (no ring)
                                (no ring)

@: freezing walls
A: almost no armour, amphibious, 8 rings, camouflage 1, gelatinous body 1,
(nimble swimmer 1), tentacles
a: no special abilities


You were on level 4 of the Dungeon.
You visited 1 branch of the dungeon, and saw 5 of its levels.

You collected 149 gold pieces.

Inventory:

Hand Weapons
 a - a +0 dagger
 j - a +4 quarterstaff of chaos (weapon)
Missiles
 g - 3 boomerangs of dispersal
Wands
 v - a wand of mindburst (9)
Scrolls
 c - 3 scrolls of identify {unknown}
 h - 2 scrolls of immolation {unknown}
 i - 2 scrolls of noise {unknown}
 k - a scroll of silence {unknown}
 n - a scroll of fog {unknown}
 o - 4 scrolls of blinking {unknown}
 p - a scroll of fear {unknown}
 r - a scroll of summoning {unknown}
 s - a scroll of amnesia {unknown}
 t - a scroll of teleportation {unknown}
 u - a scroll of enchant armour {unknown}
Potions
 b - 2 potions of lignification {unknown}
 d - a potion of flight {unknown}
 e - a potion of might {unknown}
 f - a potion of heal wounds {unknown}
 l - a potion of degeneration {unknown}
 m - a potion of mutation {unknown}
 q - a potion of ambrosia {unknown}


   Skills:
 + Level 5.1 Dodging
 - Level 2.6 Stealth
 + Level 4.7 Spellcasting
 + Level 6.2 Ice Magic


You had 11 spell levels left.
You knew the following spells:

 Your Spells              Type           Power      Damage    Failure   Level
a - Freeze                Ice            100%       1d11      1%          1
b - Frozen Ramparts       Ice            56%        1d7       3%          3

Your spell library contained the following spells:

 Spells                   Type           Power      Damage    Failure   Level
 Ozocubu's Armour         Ice            28%        N/A       3%          3
 Corpse Rot               Necr/Air       8%         N/A       19%         2
 Passwall                 Tmut/Erth      3%         N/A       19%         2
 Poisonous Vapours        Pois/Air       8%         N/A       19%         2
 Hailstorm                Conj/Ice       16%        3d6       34%         4
 Swiftness                Air            4%         N/A       36%         3
 Invisibility             Hex            2%         N/A       100%        6


Dungeon Overview and Level Annotations

Branches:
Dungeon (5/15)
 Temple: D:4-7

Altars:

Shops:
D:3 (

Annotations:
D:5 Sigmund


Innate Abilities, Weirdness & Mutations

You cannot wear most types of armour.
You are amphibious.
You can wear up to eight rings at the same time.
Your skin changes colour to match your surroundings (Stealth+).
Your rubbery body absorbs attacks. (AC +1, EV +1)
((You are camouflaged near water. (Stealth+)))
You have tentacles for arms and can constrict up to eight enemies at once.


Message History

There is a stone staircase leading down here.
You climb downwards.
Level annotation: Sigmund The centaur zombie closely misses you.
The centaur zombie misses you. The centaur zombie hits you.
The centaur zombie barely misses you.
Sigmund mumbles some strange words.
Sigmund flickers and vanishes!
Deactivating autopickup; reactivate with Ctrl-A.
There is a stone staircase leading up here.
The water moccasin hisses angrily.
You sock the centaur zombie! You burn the centaur zombie.
Your squeeze misses the centaur zombie.
The centaur zombie is moderately damaged.
The centaur zombie closely misses you. x3; The centaur zombie misses you.
A water moccasin comes into view.
The water moccasin hisses angrily.
You sock the centaur zombie!
The centaur zombie is heavily damaged.
The centaur zombie closely misses you. x2; The centaur zombie misses you.
The centaur zombie kicks you.
You completely miss the centaur zombie.
The centaur zombie is heavily damaged.
An orc comes into view. It is wielding a +0 short sword.
Something hits you! The water moccasin barely misses you. Something hits you!
* * * LOW HITPOINT WARNING * * *
The water moccasin bites you.
* * * LOW HITPOINT WARNING * * *
You climb upwards.
Reactivating autopickup.
There is a stone staircase leading down here.
Okay, then.
Casting: Freeze (safe; 1% risk of failure)
Confirm with . or Enter, or press ? or * to list all spells.
Casting: Frozen Ramparts (dangerous; 3% risk of failure)
Press: ? - help, Dir - look around, f - activate A stone staircase leading down.
The walls around you are covered in ice.
The wall freezes the water moccasin.
The water moccasin bites you.
You die...

##.#.## ##...<..##.##.##
#.### ###...............
##.## #.........#####...
#...# ### ##.#.......#
####
#...######.####..###...###
# #.........#.....##
#...### #
#...####[#.###..# #.....#
# .........#.#
#.S####.....# #
##.[.......# #..@........#
#####
.#.......######.####.....#
#....
.#..#.##...........#.....#
#.###
.#........##.......#######
#.# .#..#.###.##.......#
#.# .#..#.# #.##.......#
#.# .#.##.# #.##.......#
### #)### .#....#
#.##.......# ##.## #..))
.#....#
#..........####.#.######.


You could see a water moccasin.

Vanquished Creatures
  A black bear (D:4)
  A necrophage (D:4)
  An ogre (D:4)
  A scorpion (D:4)
  2 jellies (D:4)
  Crazy Yiuf (D:2)
  A gnoll shaman (D:3)
  Terence (D:2)
  Jessica (D:3)
  An iguana (D:4)
  2 orc wizards (D:4)
  4 gnolls
  3 adders
  4 worms
  8 orcs
  10 bats
  4 endoplasms
  4 giant cockroaches
  4 goblins (D:3)
  5 hobgoblins
  2 jackals (D:3)
  2 quokkas
  8 ball pythons
  A frilled lizard (D:2)
  6 kobolds
  7 rats
85 creatures vanquished.

Notes
Turn   | Place    | Note
-------+----------+-------------------------------------------
     0 | D:1      | KoroneIsBestGirl the Octopode Ice Elementalist began the
                  | quest for the Orb.
     0 | D:1      | Reached XP level 1. HP: 11/11 MP: 3/3
   466 | D:1      | Reached XP level 2. HP: 17/17 MP: 5/5
  1379 | D:2      | Reached XP level 3. HP: 10/21 MP: 1/6
  1383 | D:2      | Learned a level 3 spell: Frozen Ramparts
  1926 | D:2      | Found a runed translucent door.
  1927 | D:2      | Noticed Crazy Yiuf
  2137 | D:2      | Noticed Terence
  2147 | D:2      | Killed Terence
  2148 | D:2      | Reached XP level 4. HP: 25/27 MP: 0/8
  2671 | D:2      | Killed Crazy Yiuf
  2672 | D:2      | Reached XP level 5. HP: 31/31 MP: 3/9
  3040 | D:3      | Noticed Jessica
  3045 | D:3      | Killed Jessica
  3379 | D:3      | Reached skill level 5 in Ice Magic
  3501 | D:3      | Found Foulisypt's Antique Weapon Boutique.
  5174 | D:4      | Reached XP level 6. HP: 25/36 MP: 7/11
  5274 | D:4      | Noticed a black bear
  5282 | D:4      | Killed a black bear
  5572 | D:4      | Reached XP level 7. HP: 30/41 MP: 7/13
  5983 | D:4      | Reached skill level 6 in Ice Magic
  6103 | D:4      | Reached skill level 5 in Dodging
  6504 | D:5      | Entered Level 5 of the Dungeon
  6504 | D:5      | Noticed Sigmund
  6567 | D:5      | HP: 2/41 [water moccasin (4)]
  6569 | D:4      | Slain by a water moccasin

Illustrated notes

Levels and vault maps discovered:
D:1:      dpeg_arrival_triangle_fractal, layout_basic,
          chequers_serial_rivers_large_b, minmay_misc_feat_rows,
          serial_park_tiny_pond
D:2:      layout_loops_ring, uniq_terence, uniq_crazy_yiuf_cottage
D:3:      layout_loops_ring, serial_shops, shop, uniq_jessica
D:4:      layout_loops_cross, nicolae_ossuary_entry_ruins, minivault_5
D:5:      layout_rooms, uniq_sigmund, uniq_eustachio, uniq_duvessa

Skill      XL: |  1  2  3  4  5  6  7 |
---------------+----------------------+-----
Dodging        | 3 4 5 |  5.1
Spellcasting   | 3 4 |  4.7
Ice Magic      | 5 6 |  6.2
Stealth        | |  2.6

Action                   |  1- 3 |  4- 6 |  7- 9 || total
-------------------------+-------+-------+-------++-------
Melee: Dagger            |    20 |     1 |       ||    21
       Constrict         |     7 |     5 |     1 ||    13
       Unarmed           |     2 |       |       ||     2
       Tentacles         |     2 |     2 |     1 ||     5
       Quarterstaff      |       |     9 |     8 ||    17
 Cast: Freeze            |    42 |    49 |    20 ||   111
       Frozen Ramparts   |     1 |     6 |     3 ||    10
 Stab: Sleeping          |     1 |     4 |       ||     5
Armor: Skin              |     4 |     1 |     1 ||     6
Dodge: Dodged            |    36 |    33 |    23 ||    92

Table legend: (Time is in decaauts)
 A = Elapsed time spent in this place.
 B = Non-inter-level travel time spent in this place.
 C = Inter-level travel time spent in this place.
 D = Time resting spent in this place.
 E = Time spent auto-exploring this place.
 F = Levels seen in this place.
 G = Mean time per level.
                   A        B        C        D        E       F      G
               +--------+--------+--------+--------+--------+-----+--------+
         Total |   6579 |   6317 |    262 |   1493 |   4244 |   5 | 1315.8 |
       Dungeon |   6579 |   6317 |    262 |   1493 |   4244 |   5 | 1315.8 |
               +--------+--------+--------+--------+--------+-----+--------+

Top non-repeatable levels by time:
     D:3: 2399 daAuts
     D:2: 1407 daAuts
     D:4: 1405 daAuts
     D:1: 1352 daAuts
     D:5: 14 daAuts
